 BcadrenCrawl: Boulder Brew version 0.04 (webtiles) character file.

Game seed: 9812542755694340032, levelgen mode: deterministic

13 Chiseanne the Ducker (level 2, -1/19 HPs) Goblin Demonspawn. Began on Mar 20, 2021. Slain by a kobold ... wielding a +0 dagger (5 damage) ... on level 1 of the Dungeon. The game lasted 00:00:17 (53 turns).

Chiseanne the Ducker (Goblin Demonspawn)              Turns: 53, Time: 00:00:18

Health: -1/19      AC:  3    Str:  8    XL:     2 ^: 10
Magic:  3/3        EV: 15    Int:  6    God:
Gold:   0          SH:  0    Dex:  6    Spells: 2/3 levels left

rFire    . . .     Vision   .   a - +0 long sword
rCold    . . .     Gourm    .   (weapon restricted)
rNeg     . . .     Faith    .   b - +0 leather armour
rPois    .         Spirit   .   (no helmet)
rElec    .         Reflect  .   (no cloak)
rCorr    .         Harm     .   (no gloves)
MR       .....                  (no boots)
Stlth    ++........             (no amulet)
HPRegen  0.16/turn              (no ring)
MPRegen  0.13/turn              (no ring)

@: no status effects
A: small, stagnant stats, goblin's greed, low mp 1, mutation resistance 1,
sturdy frame 1, god's pity 2
a: no special abilities


You were on level 1 of the Dungeon.
You were not hungry.

You visited 1 branch of the dungeon, and saw 1 of its levels.

Inventory:

Weapons
 a - a +0 long sword (weapon)
Armour
 b - a +0 leather armour (worn)
Comestibles
 d - a ration


   Skills:
 * Level 2.2 Fighting
 - Level 2.6 Long Blades
 * Level 4.4 Dodging
 - Level 2.6 Stealth
 - Level 1.3 Spellcasting
 - Level 2.6 Fire Magic
   Level 4.0 Invocations


You had 2 spell levels left.
You knew the following spells:

 Your Spells              Type           Power        Failure   Level  Hunger
a - Flame Tongue          Fire           3 (30)       16%         1    ##.....

Your spell library contained the following spells:

 Spells                   Type           Power        Failure   Level  Hunger
 Blink                    Tloc           N/A          56%         2    ###....
 Call Imp                 Summ           0 (100)      56%         2    ###....
 Slow                     Hex            0 (100)      56%         2    ###....
 Conjure Flame            Fire           3 (100)      41%         3    ####...
 Mephitic Cloud           Pois/Air       0 (100)      80%         3    ####...


Dungeon Overview and Level Annotations

Branches:
Dungeon (1/8)

Altars:


Innate Abilities, Weirdness & Mutations

Your stats never grow through leveling.
Your goblin ancestry allows you to find more gold. (+20%)
You are small and have problems with some larger weapons.
Your magical capacity is low. (-10% MP)
You are somewhat resistant to further mutation.
Your movements are slightly less encumbered by armour. (ER -2)
The pity of the gods increases the power of your passive and invoked divine abilities.


Message History

You barely miss the goblin. x2
The goblin hits you with a +0 dagger (1).
The goblin barely misses you (0).
You barely miss the goblin. You closely miss the goblin.
The goblin closely misses you (0).
You riposte.
You hit the goblin (4).
You kill the goblin!
The goblin hits you with a +0 club (5). The kobold closely misses you (0).
There is an open gate, spattered with blood here.
Items here: )) †††† You barely miss the kobold.
You hit the kobold (2). The goblin barely misses you (0).
The kobold drinks a potion.
The kobold is healed!
The goblin misses you (0).
You riposte.
You barely miss the goblin. You barely miss the goblin. You hit the goblin (4).
You kill the goblin!
You closely miss the kobold. x2
The kobold hits you with a +0 dagger (3).
* * * LOW HITPOINT WARNING * * *
The kobold hits you with a +0 dagger (5).
You die...

......#..### ..
......#..... ...#.
........... ......
...........
.....###.#..[.....
.%......##.......
#......###......
######......#.†.....
#.#@8#...g..........
#..#K#..l......#....
#<.#'.[.....#..###..
#..#'#.....?#..# ..
#.#.8#......#..# ..
######.......... .
..#..##.#...# .
....#.[...#...#
.≈.......... ...


You could see a kobold.

Vanquished Creatures
  A cinder newt (D:1)
  A leopard gecko (D:1)
  2 goblins (D:1)
  A kobold (D:1)
  A rat (D:1)
6 creatures vanquished.

Notes
Turn   | Place    | Note
-------+----------+-------------------------------------------
     0 | D:1      | Chiseanne the Goblin Demonspawn began the quest for the
                  | Orb.
     0 | D:1      | Reached XP level 1. HP: 13/13 MP: 2/2
    46 | D:1      | Gained mutation: Your movements are slightly less
                  | encumbered by armour. (ER -2) [demonic ancestry]
    46 | D:1      | Reached XP level 2. HP: 11/19 MP: 3/3
    53 | D:1      | Slain by a kobold

Levels and vault maps discovered:
D:1:      saegor_arrival_simple_c, layout_cave_pools, first_ration,
          corexii_leaking_fountain

Skill      XL: |  1 |
---------------+----+-----
Fighting       | 2 |  2.2
Long Blades    | |  2.6
Dodging        | |  4.4
Stealth        | |  2.6
Spellcasting   | |  1.3
Fire Magic     | |  2.6
Invocations    | |  4.0

Action                   || total
-------------------------++-------
Melee: Long sword        ||    22
       Unarmed           ||    18
Armor: Leather armour    ||     5
Dodge: Dodged            ||    25
       Rpst.: Long sword ||     8
